 Dungeon Crawl Stone Soup version 0.20.1-1-g8b1a95d (webtiles) character file.

617368 Nattfarinn the Conqueror (level 27, 0/214 HPs)
             Began as a Gargoyle Berserker on Aug 3, 2017.
             Was the Champion of Trog.
             Killed by divine providence
             ... invoked by a greater mummy
              (8 damage)
             ... on level 1 of the Tomb of the Ancients.
             The game lasted 05:22:21 (60072 turns).

Nattfarinn the Conqueror (Gargoyle Berserker)      Turns: 60072, Time: 05:22:22

Health: 0/214      AC: 43    Str: 24      XL:     27
Magic:  25/25      EV: 17    Int: 12      God:    Trog [******]
Gold:   5145       SH: 30    Dex: 10 (13) Spells: 26/26 levels left

rFire    + + .     SeeInvis +   w - +8 sacred scourge (holy)
rCold    + + .     Gourm    .   H - +8 large shield {reflect}
rNeg     + + +     Faith    .   N - +0 ring mail of Analysis {rN+ MR+++ Regen+ rCorr}
rPois    ∞         Spirit   .   E - +0 mask of the Dragon {MR+ Slay+3 SInv}
rElec    +         Reflect  +   I - +5 cloak "Myloehi" {rN+++ rCorr Dex-2 Slay+5}
rCorr    +         Harm     .   R - +2 pair of gloves
MR       +++++                  u - +0 pair of boots of the Burgomaster {rC+ Str+3 Dex-3}
Stlth    ..........             Y - amulet of Vitality {Regen+ HP+15}
Regen    1.3/turn               W - ring of Foolhardiness {+Fly rF+ rC+ rN+}
MPRegen  0.2/turn               D - ring of protection from fire

@: flying, slowed, very slow
A: big wings, slimy green scales 1, blurry vision 1, mutation resistance 1,
negative energy resistance 1, electricity resistance, unbreathing, petrification
resistance, rot immunity, AC +20
}: 3/15 runes: decaying, silver, gossamer
a: Stop Flying, Berserk, Trog's Hand, Brothers in Arms, Burn Spellbooks,
Renounce Religion


You were on level 1 of the Tomb of the Ancients.
You worshipped Trog.
Trog was exalted by your worship.
You were not hungry.

You visited 11 branches of the dungeon, and saw 50 of its levels.
You visited 1 bazaar.
You also visited: Ossuary and Ice Cave.

You collected 9360 gold pieces.
You spent 4215 gold pieces at shops.

Inventory:

Hand Weapons
 b - a +9 antimagic eveningstar
 w - a +8 sacred scourge of holy wrath (weapon)
 K - the +10 dark maul {crush}
   (You found it on level 3 of the Crypt)

   It inflicts extra damage upon your enemies.
Armour
 j - the +3 robe of Botwesu {+Blink rN+ Int+5, unknown}
   (You found it on level 1 of the Tomb of the Ancients)

   It affects your intelligence (+5).
   It protects you from negative energy.
   It lets you blink.
 u - the +0 pair of boots of the Burgomaster (worn) {rC+ Str+3 Dex-3}
   (You found it on level 1 of the Vaults)

   It affects your strength (+3).
   It affects your dexterity (-3).
   It protects you from cold.
 E - the +0 mask of the Dragon (worn) {MR+ Slay+3 SInv}
   (You found it on level 3 of the Elven Halls)

   It affects your accuracy and damage with ranged weapons and melee attacks
   (+3).
   It affects your resistance to hostile enchantments.
   It lets you see invisible.
 H - a +8 large shield of reflection (worn)
 I - the +5 cloak "Myloehi" (worn) {rN+++ rCorr Dex-2 Slay+5}
   (You bought it in a shop on level 3 of the Vaults)

   It affects your dexterity (-2).
   It affects your accuracy and damage with ranged weapons and melee attacks
   (+5).
   It renders you almost immune to negative energy.
   It protects you from acid and corrosion.
 N - the +0 ring mail of Analysis (worn) {rN+ MR+++ Regen+ rCorr}
   (You bought it in a shop on level 3 of the Vaults)

   It protects you from negative energy.
   It affects your resistance to hostile enchantments.
   It increases your rate of regeneration.
   It protects you from acid and corrosion.
 R - a +2 pair of gloves (worn)
Jewellery
 D - a ring of protection from fire (right hand)
 Q - the ring of Ecaleded {rPois rF+ rN+ Dex-5}
   (You found it on level 3 of the Crypt)

   [ring of positive energy]

   It affects your dexterity (-5).
   It protects you from fire.
   It protects you from poison.
   It protects you from negative energy.
 T - a cursed ring of loudness {unknown}
 W - the ring of Foolhardiness (left hand) {+Fly rF+ rC+ rN+}
   (You took it off a skeletal warrior on level 3 of the Crypt)

   [ring of positive energy]

   It protects you from fire.
   It protects you from cold.
   It protects you from negative energy.
   It lets you fly.
 Y - the amulet of Vitality (around neck) {Regen+ HP+15}
   (You bought it in a shop in a bazaar)

   [amulet of regeneration]

   It affects your health (+15).
   It increases your rate of regeneration.
Scrolls
 d - 32 scrolls of teleportation
 g - 3 scrolls of silence
 h - 12 scrolls of recharging
 m - 14 scrolls of immolation
 o - 9 scrolls of magic mapping
 r - 13 scrolls of identify
 s - 4 scrolls of brand weapon
 v - a scroll of blinking
 C - 31 scrolls of remove curse
 P - 10 scrolls of fear
 U - 11 scrolls of fog
Potions
 i - 8 potions of mutation
 k - 12 potions of agility
 l - 16 potions of curing
 n - a potion of resistance
 p - 6 potions of berserk rage
 t - 2 potions of haste
 x - 5 potions of ambrosia
 z - 8 potions of brilliance
 A - 8 potions of invisibility
 B - 5 potions of might
 M - 3 potions of cancellation
 S - 3 potions of magic
Books
 e - a book of Burglary

   Spells                             Type                      Level
   a - Swiftness                      Charms/Air                   2
   b - Passwall                       Transmutation/Earth          2
   c - Passage of Golubria            Translocation                4
   d - Lee's Rapid Deconstruction     Earth                        5
   e - Darkness                       Hexes                        6
   f - Invisibility                   Hexes                        6
   Trog disapproves of the use of such an item.
 y - a book of Ice

   Spells                             Type                      Level
   a - Ice Form                       Ice/Transmutation            4
   b - Metabolic Englaciation         Hexes/Ice                    5
   c - Ozocubu's Refrigeration        Ice                          6
   d - Bolt of Cold                   Conjuration/Ice              6
   e - Freezing Cloud                 Conjuration/Ice/Air          6
   f - Simulacrum                     Ice/Necromancy               6
   Trog disapproves of the use of such an item.
 O - a book of the Tempests

   Spells                             Type                      Level
   a - Static Discharge               Conjuration/Air              3
   b - Lightning Bolt                 Conjuration/Air              5
   c - Ignition                       Fire                         8
   d - Tornado                        Air                          9
   e - Shatter                        Earth                        9
   Trog disapproves of the use of such an item.
Miscellaneous
 a - a phantom mirror
 G - a sack of spiders
 J - 2 boxes of beasts
Comestibles
 c - 33 bread rations
 q - 25 meat rations


   Skills:
 O Level 27 Fighting
 * Level 25.1 Maces & Flails
 - Level 15.7 Armour
 - Level 16.3 Dodging
 - Level 19.1 Shields
 - Level 3.0 Evocations


You had 26 spell levels left.
You didn't know any spells.

Dungeon Overview and Level Annotations

Branches:
Dungeon (15/15)            Temple (0/1) D:4            Lair (6/6) D:8
  Swamp (4/4) Lair:4       Spider (4/4) Lair:2        Slime (1/5) Lair:6
    Orc (2/2) D:11            Elf (3/3) Orc:2        Vaults (5/5) D:13
  Crypt (3/3) Vaults:3       Tomb (2/3) Crypt:3      Depths (5/5) D:15
    Zot (0/5) Depths:5

Altars:
Ashenzari
Dithmenos
Elyvilon
Gozag
Hepliaklqana
Kikubaaqudgha
Okawaru
Qazlal
Yredelemnul
Zin
Jiyva

Shops:
D:5 }   D:6 :   D:8 *?}=   D:11 [   D:14 :   Orc:1 *   Orc:2 (:?[   Vaults:2 [
Vaults:3 ?[   Depths:2 (*(

Portals:
Hell: Depths:1 Depths:2 Depths:3 Depths:4 Depths:5
Abyss: Depths:1 Depths:3 Depths:4
Pandemonium: Orc:2 Depths:1 Depths:3
Ziggurat: Depths:4

Annotations:
D:7 2 transporters
Lair:1 exclusion: oklob plant


Innate Abilities, Weirdness & Mutations

You are resistant to torment.
Your stone body is resilient. (AC +20)
You are immune to poison.
Your large and strong wings let you fly indefinitely.
You resist negative energy. (rN+)
You are resistant to electric shocks. (rElec)
You can survive without breathing.
You are immune to petrification.
You are immune to rotting.
You are partially covered in slimy green scales. (AC +2)
Scrolls take you a little longer to read.
You are somewhat resistant to further mutation.


Message History

You closely miss the death scarab.
You feel less invigorated.
You feel less confused.
You block the death scarab's attack. x3; The jiangshi misses you.
The jiangshi claws you!
* * * LOW HITPOINT WARNING * * *
The greater mummy gestures at you while chanting.
Something smites you!
* * * LOW HITPOINT WARNING * * *
You feel better. The death scarab bites you!!
* * * LOW HITPOINT WARNING * * *
The death scarab drains your vigour!
You feel as though you will be slow longer.
You block the death scarab's attack. x2
The jiangshi claws you but does no damage.
The jiangshi completely misses you. You block the death scarab's attack.
You block the jiangshi's attack. The jiangshi completely misses you.
The death scarab closely misses you.
The greater mummy gestures at you while chanting.
Something smites you!
You die...

....#
#....#..#..#..8.....8..#.
....#
##''##..#..#...........#.
....#
#....#..#..#...^.......#.
....#
#....#^.#..#..8.....8..#.
....#
#....#.....#...........#.
....#
#....#.....#...........#.
....#
##############.......####
....# #..V.# ##'''''## ....#
#..s@# #.......# ....#
'.ZM.Z.s.s# #.8...8.# ....#
..MW.M...... #.......# ....#
...M......s..##.......# ....#
MMs##W##.....##.8...8.# ....#
s..ZssZ......##.......# ....#
s.ssM........##.......#
....####ssL......'####.8...8.#
....##.§# #.......#


You could see 4 greater mummies, 4 emperor scorpions, a revenant, a jiangshi, a
shadow wraith (invisible), a freezing wraith, a spectral frost giant, a spectral
titan, 6 death scarabs, a mummy and an iron dragon skeleton.

Vanquished Creatures
  5 ancient liches
  Mennas (Vaults:2)
  4 greater mummies
  A juggernaut (shapeshifter) (Vaults:3)
  Frederick (Vaults:4)
  Bai Suzhen (Vaults:4)
  Saint Roka (Crypt:2)
  Xtahua (Crypt:3)
  The ghost of BakaWarrior999 the Tortoise, an adept DDFi of Makhleb (Tomb:2)
  4 golden dragons
  the Enchantress (Depths:5)
  A bone dragon (Crypt:3)
  Jorgrun (Elf:3)
  An Ice Fiend (IceCv)
  6 tentacled monstrosities
  2 deep elf blademasters
  9 liches
  3 titans
  A deep elf master archer (Elf:3)
  A sphinx (shapeshifter) (D:15)
  Kirke (D:15)
  13 sphinxes
  3 thorn hunters
  2 storm dragons
  Donald (Swamp:2)
  Roxanne (Elf:3)
  9 shadow dragons
  9 tengu reavers
  3 revenants
  2 deep elf sorcerers
  6 frost giants
  3 ghost moths (Spider:4)
  An iron dragon (Vaults:5)
  18 fire giants
  An azure jelly (Slime:1)
  18 vault wardens
  2 orc warlords
  A draconian scorcher (Depths:5)
  Aizul (Swamp:1)
  A draconian annihilator (Depths:5)
  A curse skull (Crypt:2)
  5 emperor scorpions (Spider:4)
  A deep elf elementalist (Elf:3)
  A ghoul (Crypt:3)
  6 war gargoyles
  14 ironheart preservers
  3 spriggan defenders (Depths:5)
  16 stone giants
  24 very ugly things
  5 vampire knights
  4 entropy weavers
  A green draconian (Depths:5)
  9 deep elf demonologists
  2 red draconians (Depths:5)
  2 yellow draconians (Depths:5)
  The ghost of Timson the Basher, a journeyman HuFi of the Shining One (Lair:5)
  6 spark wasps
  A black draconian (Depths:5)
  A purple draconian (Depths:5)
  2 eidola
  6 deep elf annihilators
  5 dire elephants (Depths:3)
  8 deep elf death magi
  16 ettins
  10 mummy priests
  Snorg (D:12)
  4 crystal guardians
  9 fire dragons
  Josephine (D:10)
  5 deep elf high priests
  4 jiangshi
  12 great orbs of eyes
  4 rakshasas
  16 yaktaur captains
  15 ice dragons
  26 vault guards
  13 hydras
  2 catoblepae
  8 spriggan air magi
  A ghost crab (Swamp:3)
  2 death knights
  10 centaur warriors
  4 death yaks (Lair:6)
  38 two-headed ogres
  8 ogre magi
  27 dancing weapons
  9 deep troll shamans
  13 alligators
  2 titan zombies
  8 death scarabs
  3 tengu warriors
  7 spriggan berserkers
  8 orc high priests (Orc:2)
  22 deep elf knights
  2 vampire magi
  11 deep troll earth magi
  3 soul eaters
  A storm dragon zombie (Crypt:1)
  A fire crab (shapeshifter) (Elf:1)
  24 hell knights
  25 skeletal warriors
  2 sixfirhies (Orc:2)
  A flayed ghost (Vaults:2)
  4 iron trolls
  3 spriggan druids
  4 unseen horrors
  2 shadow wraiths
  40 deep trolls
  An anaconda zombie (Crypt:3)
  A gelid demonspawn (Orc:2)
  A storm dragon skeleton (Crypt:1)
  An orange crystal statue (Elf:1)
  11 deep elf archers
  3 shambling mangroves
  2 glowing orange brains
  An infernal demonspawn (Orc:2)
  3 lindwurms
  A lindwurm (shapeshifter) (Vaults:1)
  4 wizards
  A quicksilver dragon simulacrum (Depths:1)
  2 golden dragon zombies
  An anaconda skeleton (Tomb:1)
  The ghost of smzp the Martial Artist, a novice OpTm of Fedhas (D:8)
  6 swamp dragons
  5 phantasmal warriors
  15 necromancers
  2 small abominations (Depths:5)
  A harpy (shapeshifter) (Depths:2)
  3 oklob plants (Lair:1)
  A mana viper (shapeshifter) (Vaults:5)
  8 harpies
  10 orb spiders
  14 ironbrand convokers
  16 orc knights
  9 orc sorcerers
  6 wolf spider zombies (Spider:1)
  65 deep elf magi
  3 fire giant zombies
  A shining eye (Slime:1)
  A stone giant zombie (Depths:1)
  32 wolf spiders
  2 cyclopes
  2 frost giant zombies (Crypt:3)
  26 ugly things
  A human zombie (Vaults:5)
  3 elephants
  The ghost of Nattfarinn the Basher, a novice GrBe of Trog (D:6)
  A salamander (shapeshifter) (D:15)
  2 manticores
  A black mamba (shapeshifter) (Vaults:5)
  An elephant (shapeshifter) (Depths:5)
  A dire elephant zombie (Crypt:3)
  Joseph (D:7)
  A fire giant skeleton (Crypt:3)
  An ice statue (IceCv)
  4 black mambas
  A rust devil (Depths:1)
  A guardian serpent (Depths:2)
  13 vault sentinels
  4 centaur zombies
  Psyche (D:9)
  An eye of devastation (Slime:1)
  A guardian serpent (shapeshifter) (Depths:2)
  A frost giant skeleton (Tomb:1)
  24 spiny frogs
  An orange demon (Orc:2)
  2 yaktaur zombies
  A gargoyle (D:14)
  9 komodo dragons
  12 freezing wraiths
  An efreet (D:14)
  A kobold demonologist (D:11)
  6 rime drakes
  38 yaktaurs
  A catoblepas zombie (Crypt:1)
  10 redback zombies (Spider:1)
  A yellow draconian skeleton (Crypt:1)
  3 anaconda simulacra (IceCv)
  12 demonic crawlers
  4 ice devils (IceCv)
  A red devil (Depths:2)
  16 guardian mummies
  7 trolls
  2 golden dragon simulacra (IceCv)
  3 tengu conjurers
  A meliai (D:14)
  6 tyrant leeches
  A queen bee (shapeshifter) (Depths:4)
  6 polar bears
  2 raiju (shapeshifter)
  A jumping spider (shapeshifter) (Depths:2)
  A wind drake (Lair:6)
  A wolf spider simulacrum (D:15)
  19 jumping spiders
  28 hornets
  A blink frog (shapeshifter) (Vaults:4)
  11 hippogriffs
  A dream sheep (shapeshifter) (Depths:4)
  10 tarantella zombies (Spider:1)
  Grinder (D:4)
  A fire giant simulacrum (Crypt:1)
  10 dream sheep
  4 blink frogs (Lair:3)
  39 slime creatures
  9 bog bodies
  2 ettin zombies (Vaults:5)
  A spriggan zombie (Depths:1)
  9 air elementals (Depths:5)
  A stone giant simulacrum (Depths:1)
  36 redbacks
  42 flying skulls
  2 ice dragon skeletons
  26 tarantellas
  An ettin skeleton (Crypt:3)
  8 wyverns
  A spriggan simulacrum (Depths:1)
  A shadow (Crypt:1)
  A wyvern (shapeshifter) (Vaults:2)
  4 hogs (D:15)
  A tarantella (shapeshifter) (Vaults:4)
  3 water elementals
  Eustachio (D:5)
  5 ushabtiu
  2 humans (D:12)
  A basilisk (shapeshifter) (Depths:3)
  11 wraiths
  15 spriggans
  A black mamba skeleton (Crypt:3)
  23 yaks
  A hungry ghost (D:8)
  3 dire elephant simulacra (IceCv)
  6 basilisks
  A neqoxec (Orc:2)
  Grum (D:9)
  4 fire elementals
  A steam dragon (D:9)
  18 vampire mosquitoes
  2 harpy simulacra (IceCv)
  A human simulacrum (Vaults:2)
  An iron troll simulacrum (IceCv)
  Menkaure (D:4)
  10 insubstantial wisps
  5 wargs
  Edmund (D:4)
  A soldier ant (D:14)
  21 swamp worms
  An acid dragon (D:14)
  A deep troll skeleton (Crypt:2)
  Duvessa (D:5)
  4 hydra simulacra (IceCv)
  10 porcupines
  18 water moccasins
  A water moccasin (shapeshifter) (Depths:4)
  A manticore zombie (Crypt:2)
  A two-headed ogre skeleton (Crypt:1)
  2 floating eyes
  14 swamp drakes
  4 black bears
  47 orc warriors
  5 ice beasts
  7 sky beasts
  A black bear (shapeshifter) (Vaults:5)
  4 necrophages (Crypt:3)
  An eye of draining (D:14)
  2 boggarts (Depths:3)
  An ettin simulacrum (Crypt:1)
  13 ogres
  18 wolves
  An elf zombie (Vaults:3)
  An eye of draining (shapeshifter) (Vaults:3)
  An elf skeleton (Vaults:5)
  3 phantoms
  21 centaurs
  15 crocodiles
  A manticore skeleton (Crypt:2)
  A komodo dragon zombie (Crypt:2)
  2 earth elementals (Elf:3)
  A draconian skeleton (Crypt:2)
  3 big kobolds
  A tengu simulacrum (Depths:1)
  10 bullfrogs
  A wyvern zombie (D:11)
  A salamander skeleton (Crypt:1)
  4 scorpions
  A cyclops skeleton (Crypt:2)
  A shapeshifter zombie (Crypt:1)
  3 killer bees (D:10)
  6 wights
  An elephant simulacrum (IceCv)
  An elf simulacrum (Vaults:1)
  5 howler monkeys
  3 electric eels
  14 jellies
  6 crimson imps
  A quasit (D:5)
  3 draconian simulacra (IceCv)
  3 centaur skeletons
  A demonspawn zombie (Crypt:2)
  4 hounds
  31 orc priests
  3 bullfrog skeletons
  A gnoll shaman (D:6)
  8 iguanas
  23 orc wizards
  A human skeleton (Tomb:2)
  A polar bear simulacrum (IceCv)
  A troll simulacrum (IceCv)
  10 worker ants
  4 wolf simulacra (IceCv)
  A centaur simulacrum (IceCv)
  2 hound zombies
  2 hound skeletons
  19 mummies
  Robin (D:4)
  15 gnolls
  A howler monkey skeleton (Crypt:1)
  7 adders
  3 naga simulacra (IceCv)
  2 ogre simulacra (IceCv)
  5 shadow imps
  10 white imps (IceCv)
  2 ufetubi (IceCv)
  9 oozes
  4 adder zombies
  3 adder skeletons
  5 worms
  4 dart slugs
  4 leopard geckos
  105 orcs
  3 giant cockroaches
  2 gnoll zombies (D:5)
  10 goblins
  12 hobgoblins
  8 jackals
  8 quokkas
  5 ball pythons
  12 bats
  6 frilled lizards
  A jackal zombie (Ossuary)
  29 kobolds
  A leopard gecko zombie (D:6)
  A quokka skeleton (Crypt:1)
  12 rats
  3 briar patches
2261 creatures vanquished.

Vanquished Creatures (collateral kills)
  the Lernaean hydra (Swamp:3)
  Nikola (Depths:1)
  A golden dragon (Depths:2)
  Arachne (Spider:4)
  A deep elf blademaster (Elf:3)
  A titan (Vaults:5)
  Frances (D:13)
  A storm dragon (Depths:4)
  The ghost of Ejeck the Fencer, a journeyman MiFi of Okawaru (Lair:6)
  2 deep elf sorcerers (Elf:3)
  Louise (Elf:1)
  A vault warden (Vaults:5)
  A spriggan defender (Depths:3)
  A reaper (Depths:1)
  4 very ugly things (Depths:1)
  2 ironheart preservers
  A war gargoyle (Vaults:5)
  A stone giant (Vaults:3)
  2 deep elf demonologists
  4 deep elf annihilators (Elf:3)
  3 deep elf death magi
  A deep elf high priest (Elf:3)
  A mummy priest (Tomb:1)
  2 yaktaur captains (Vaults:5)
  A great orb of eyes (Vaults:3)
  A vault guard (Vaults:3)
  2 spriggan air magi
  An ogre mage (Vaults:3)
  3 hydras
  The ghost of Peloso the Carver, a journeyman DsFi of Okawaru (D:10)
  2 ice dragons
  A merfolk avatar (Lair:6)
  5 centaur warriors
  2 death knights
  A small abomination (Elf:3)
  An alligator (Swamp:3)
  3 dancing weapons
  A deep troll shaman (Depths:5)
  2 deep troll earth magi
  4 hell knights (Depths:1)
  A spriggan berserker (Depths:1)
  3 deep elf knights
  A sun demon (Depths:1)
  Nergalle (D:11)
  A fire crab (shapeshifter) (Elf:1)
  An iron troll (Depths:1)
  A shambling mangrove (Swamp:3)
  2 spriggan druids (Swamp:3)
  2 deep trolls (Depths:5)
  An ironbrand convoker (Vaults:3)
  A swamp dragon (Swamp:4)
  2 orc knights
  A sea snake (Lair:6)
  A wolf spider (Spider:4)
  7 deep elf magi
  A necromancer (Depths:1)
  A stone giant zombie (Vaults:3)
  5 ugly things
  Maurice (D:13)
  2 manticores
  A vault sentinel (Vaults:5)
  A guardian serpent (Depths:2)
  A spriggan zombie (Depths:1)
  A smoke demon (Depths:1)
  3 kobold demonologists
  A yaktaur (Vaults:2)
  An ice devil (Depths:1)
  A human skeleton (Vaults:3)
  2 jumping spiders (Spider:4)
  2 polar bears (Lair:6)
  5 meliai (D:14)
  A wind drake (Lair:6)
  A merfolk (D:13)
  A tyrant leech (Swamp:4)
  A dream sheep (shapeshifter) (D:13)
  3 slime creatures (D:13)
  A bog body (Swamp:3)
  7 hornets
  An ettin zombie (Vaults:3)
  A slime creature (shapeshifter) (D:13)
  A hippogriff (D:12)
  A fire dragon skeleton (Depths:1)
  2 tarantellas (Spider:4)
  A wraith (D:13)
  A yak (shapeshifter) (D:13)
  5 redbacks (Spider:4)
  5 spriggans
  2 fire elementals (Elf:1)
  A hungry ghost (D:13)
  2 vampire mosquitoes (D:11)
  A water moccasin (Lair:6)
  An orc warrior (Orc:2)
  A swamp drake (Swamp:4)
  A boggart (Depths:3)
  2 centaurs (Vaults:2)
  A crocodile (Lair:5)
  2 big kobolds
  An earth elemental (Elf:1)
  4 bullfrogs
  A wyvern zombie (D:13)
  Dowan (D:5)
  2 howler monkeys
  A crimson imp (D:13)
  A jelly (D:11)
  3 orc priests
  A hound (D:13)
  3 orc wizards (Vaults:1)
  A troll simulacrum (IceCv)
  2 big kobold zombies (Ossuary)
  2 hound zombies (Ossuary)
  4 mummies (Ossuary)
  An adder (D:12)
  An ogre simulacrum (IceCv)
  A white imp (IceCv)
  An adder zombie (Ossuary)
  6 orcs
  2 jackals (D:5)
  A goblin zombie (Ossuary)
  A hobgoblin zombie (Ossuary)
  4 kobolds
  A kobold zombie (Ossuary)
  An orc zombie (Ossuary)
  2 crawling corpses (Elf:3)
218 creatures vanquished.

Vanquished Creatures (others)
  A deep elf master archer (Elf:3)
  An ancient champion (Tomb:2)
  A tengu reaver (Tomb:2)
  A fire dragon (Vaults:4)
  8 yaktaur captains
  A hydra (Swamp:4)
  A spriggan air mage (Depths:1)
  4 centaur warriors
  29 death scarabs (Tomb:2)
  A spriggan berserker (Depths:1)
  A skeletal warrior (Tomb:2)
  2 deep elf knights (Elf:1)
  A swamp dragon (Swamp:4)
  2 deep elf archers (Vaults:4)
  2 deep elf magi
  2 cyclopes
  25 yaktaurs
  A hornet (Depths:1)
  2 spriggans
  A tarantella (Spider:4)
  2 swamp drakes (Swamp:4)
  An ogre (Crypt:2)
  4 centaurs
  A crocodile (Lair:6)
  A scorpion (D:13)
  4 mummies (Tomb:2)
  3 white imps (IceCv)
  2 ufetubi (IceCv)
  15 fungi
  7 plants (Lair:6)
  6 toadstools (D:2)
133 creatures vanquished.

Grand Total: 2612 creatures vanquished

Notes
Turn   | Place    | Note
-------+----------+-------------------------------------------
     0 | D:1      | Nattfarinn the Gargoyle Berserker began the quest for the Orb.
     0 | D:1      | Reached XP level 1. HP: 14/14 MP: 1/1
   476 | D:1      | Reached XP level 2. HP: 16/19 MP: 2/2
   776 | D:1      | Reached skill level 4 in Fighting
   776 | D:1      | Reached XP level 3. HP: 24/24 MP: 3/3
   788 | D:1      | Reached ** piety under Trog
  1598 | D:2      | Reached XP level 4. HP: 29/29 MP: 4/4
  1693 | D:2      | Reached XP level 5. HP: 8/34 MP: 5/5
  1995 | D:2      | Reached *** piety under Trog
  1995 | D:2      | Reached XP level 6. HP: 36/40 MP: 6/6
  2442 | D:3      | Reached skill level 5 in Fighting
  2642 | D:4      | Reached skill level 5 in Maces & Flails
  2644 | D:4      | Found a white marble altar of Elyvilon.
  2679 | D:4      | Found a staircase to the Ecumenical Temple.
  2699 | D:4      | Noticed Grinder
  2702 | D:4      | Paralysed by Grinder for 7 turns
  2715 | D:4      | Killed Grinder
  2715 | D:4      | Reached skill level 5 in Armour
  2715 | D:4      | Reached XP level 7. HP: 44/44 MP: 7/7
  2732 | D:4      | Noticed Robin
  2749 | D:4      | Killed Robin
  2789 | D:4      | Reached **** piety under Trog
  2794 | D:4      | Noticed Menkaure
  2809 | D:4      | Killed Menkaure
  2828 | D:4      | Noticed Edmund
  2904 | D:4      | Noticed a hippogriff
  2913 | D:4      | Killed a hippogriff
  2913 | D:4      | Reached skill level 6 in Fighting
  2913 | D:4      | Reached XP level 8. HP: 37/51 MP: 8/8
  3135 | D:4      | Killed Edmund
  3264 | D:4      | Found a shadowy altar of Dithmenos.
  3264 | D:4      | Found a stormy altar of Qazlal.
  3366 | D:4      | Found an opulent altar of Gozag.
  3676 | D:5      | Entered Level 5 of the Dungeon
  3690 | D:5      | Found a sand-covered staircase.
  3698 | Ossuary  | Entered an ossuary
  4018 | D:5      | Found Ajuleoll's Gadget Boutique.
  4066 | D:5      | Noticed Duvessa
  4067 | D:5      | Noticed Dowan
  4081 | D:5      | Killed Dowan
  4081 | D:5      | Reached skill level 7 in Fighting
  4092 | D:5      | Killed Duvessa
  4393 | D:5      | Reached XP level 9. HP: 46/57 MP: 9/9
  4404 | D:5      | Gained mutation: You are frail. (-10% HP) [mutagenic meat]
  4405 | D:5      | Gained mutation: You have sharp toenails. [mutagenic meat]
  4406 | D:5      | Gained mutation: You are very frail. (-20% HP) [mutagenic meat]
  4407 | D:5      | Gained mutation: You are somewhat resistant to further mutation. [mutagenic meat]
  4550 | D:5      | Lost mutation: You are very frail. (-20% HP) [potion of mutation]
  4550 | D:5      | Lost mutation: You are frail. (-10% HP) [potion of mutation]
  4550 | D:5      | Lost mutation: You have sharp toenails. [potion of mutation]
  4550 | D:5      | Gained mutation: You are partially covered in slimy green scales. (AC +2) [potion of mutation]
  4699 | D:5      | Noticed Eustachio
  4722 | D:5      | Killed Eustachio
  4848 | D:5      | Found a basalt altar of Yredelemnul.
  4971 | D:6      | Got a slimy leather armour
  4982 | D:6      | Identified the +2 leather armour of the Skies Above {Int+6} (You found it on level 6 of the Dungeon)
  5157 | D:6      | Noticed Nattfarinn's ghost (novice GrBe)
  5170 | D:6      | Killed Nattfarinn's ghost
  5170 | D:6      | Reached skill level 8 in Fighting
  5594 | D:6      | Found Coykhef's Book Boutique.
  5850 | D:6      | Reached ***** piety under Trog
  5925 | D:7      | Found a transporter.
  5925 | D:7      | Found a shattered altar of Ashenzari.
  5925 | D:7      | Found a transporter.
  5926 | D:7      | Found a hazy altar of Hepliaklqana.
  6063 | D:7      | Reached skill level 1 in Shields
  6369 | D:7      | Noticed Joseph
  6384 | D:7      | Killed Joseph
  6384 | D:7      | Reached XP level 10. HP: 65/65 MP: 10/10
  6640 | D:7      | Reached skill level 5 in Shields
  6670 | D:7      | Reached skill level 9 in Fighting
  6763 | D:7      | Found a shadowy altar of Dithmenos.
  7109 | D:8      | Found Piv Atas's Gadget Shop.
  7127 | D:8      | Found Biabo's Assorted Antiques.
  7129 | D:8      | Found Qoth's Magic Scroll Shop.
  7132 | D:8      | Noticed smzp's ghost (novice OpTm)
  7159 | D:8      | Killed smzp's ghost
  7162 | D:8      | Bought a scroll of identify for 26 gold pieces
  7162 | D:8      | Bought a scroll of enchant armour for 97 gold pieces
  7162 | D:8      | Bought a scroll of identify for 26 gold pieces
  7162 | D:8      | Bought a scroll of identify for 26 gold pieces
  7162 | D:8      | Bought a scroll of enchant armour for 97 gold pieces
  7162 | D:8      | Bought a scroll of identify for 26 gold pieces
  7162 | D:8      | Bought a scroll of identify for 26 gold pieces
  7162 | D:8      | Bought a scroll of identify for 26 gold pieces
  7162 | D:8      | Bought a scroll of teleportation for 39 gold pieces
  7162 | D:8      | Bought a scroll of teleportation for 39 gold pieces
  7183 | D:8      | Got a slimy leather armour
  7194 | D:8      | Identified the +1 leather armour "Tunusk" {rElec rPois Int+3} (You found it on level 8 of the Dungeon)
  7725 | D:8      | Found Nung's Jewellery Shoppe.
  7794 | D:8      | Found a staircase to the Lair.
  7806 | D:8      | Received a gift from Trog
  7885 | D:8      | Found a white marble altar of Elyvilon.
  8330 | D:9      | Reached XP level 11. HP: 71/71 MP: 11/11
  8339 | D:9      | Reached skill level 10 in Shields
  8405 | D:9      | Noticed Psyche
  8418 | D:9      | Killed Psyche
  8603 | D:9      | Noticed Grum
  8637 | D:9      | Killed Grum
  8862 | D:10     | Entered Level 10 of the Dungeon
  8905 | D:10     | Noticed Peloso's ghost (journeyman DsFi)
  8942 | D:10     | Killed Peloso's ghost
  9207 | D:10     | Found a glowing silver altar of Zin.
  9414 | D:10     | Noticed a two-headed ogre
  9439 | D:10     | Killed a two-headed ogre
  9697 | D:10     | Noticed Josephine
  9724 | D:10     | Killed Josephine
  9748 | D:10     | Reached skill level 10 in Fighting
  9935 | D:11     | Got a slimy ring mail
  9946 | D:11     | Identified the +4 ring mail of Light {rN+ Int+8} (You found it on level 11 of the Dungeon)
 10069 | D:11     | Noticed Nergalle
 10078 | D:11     | Killed Nergalle
 10112 | D:11     | Found a staircase to the Orcish Mines.
 10114 | D:11     | Noticed a two-headed ogre
 10116 | D:11     | Found Xotouf's Armour Boutique.
 10130 | D:11     | Killed a two-headed ogre
 10130 | D:11     | Reached XP level 12. HP: 75/77 MP: 12/12
 10208 | D:11     | Found a viscous altar of Jiyva.
 10456 | D:12     | Noticed a sun demon
 10685 | D:12     | Noticed a two-headed ogre
 10706 | D:12     | Killed a two-headed ogre
 10831 | D:12     | Noticed Snorg
 10847 | D:12     | Noticed a death knight
 10851 | D:12     | Killed Snorg
 10864 | D:12     | Killed a death knight
 10864 | D:12     | Reached skill level 15 in Shields
 11382 | D:12     | Found an iron altar of Okawaru.
 11468 | D:13     | Noticed Frances
 11652 | D:13     | Noticed a catoblepas
 11673 | D:13     | Killed a catoblepas
 11680 | D:13     | Killed Frances
 11704 | D:13     | Noticed a death knight
 11709 | D:13     | Killed a death knight
 11769 | D:13     | Noticed a five-headed hydra
 11784 | D:13     | Killed a five-headed hydra
 11822 | D:13     | Noticed a centaur warrior
 11827 | D:13     | Killed a centaur warrior
 11827 | D:13     | Reached XP level 13. HP: 49/83 MP: 13/13
 11907 | D:13     | Got a smoking great mace
 11918 | D:13     | Identified the +3 great mace "Gargoyle's Curse" {crush, MR+ Dex+3} (You found it on level 13 of the Dungeon)
 12020 | D:13     | Noticed Maurice
 12022 | D:13     | Found a gate to the Vaults.
 12032 | D:13     | Noticed an entropy weaver
 12032 | D:13     | a tyrant leech changed into an entropy weaver
 12034 | D:13     | an entropy weaver changed into a satyr
 12050 | D:13     | Killed Maurice
 12244 | D:13     | Reached skill level 11 in Fighting
 12577 | D:14     | Found Nuicriot's Book Emporium.
 12667 | D:14     | Received a gift from Trog
 14013 | D:15     | Entered Level 15 of the Dungeon
 14146 | D:15     | Found a staircase to the Depths.
 14146 | D:15     | Noticed a fire giant
 14255 | D:15     | Identified the Reference Book on the Oath
 14668 | D:15     | Killed a fire giant
 14825 | D:15     | Noticed Kirke
 14842 | D:15     | Gained mutation: Your large and strong wings let you fly indefinitely. [Gargoyle growth]
 14842 | D:15     | Reached XP level 14. HP: 90/90 MP: 7/14
 15097 | D:15     | Killed Kirke
 15688 | Lair:1   | Entered Level 1 of the Lair of Beasts
 16318 | Lair:1   | Reached skill level 10 in Maces & Flails
 17287 | Lair:2   | Found a hole to the Spider Nest.
 18332 | Lair:3   | Reached skill level 12 in Fighting
 19112 | Lair:4   | Found a staircase to the Swamp.
 19599 | Lair:5   | Noticed Timson's ghost (journeyman HuFi)
 19806 | Lair:5   | Killed Timson's ghost
 20784 | Lair:6   | Entered Level 6 of the Lair of Beasts
 21037 | Lair:6   | Reached XP level 15. HP: 75/96 MP: 8/15
 21345 | Lair:6   | Found a staircase to the Slime Pits.
 21500 | Lair:6   | Noticed Ejeck's ghost (journeyman MiFi)
 21519 | Lair:6   | Killed Ejeck's ghost
 21614 | Lair:6   | Received a gift from Trog
 22173 | Lair:6   | Got a heavily runed hat
 22213 | Lair:6   | Identified the +0 hat of Ennui {rN+ rCorr Str+4} (You found it on level 6 of the Lair of Beasts)
 22677 | Swamp:1  | Entered Level 1 of the Swamp
 23253 | Swamp:1  | Noticed a thorn hunter
 23271 | Swamp:1  | Killed a thorn hunter
 23398 | Swamp:1  | Noticed Aizul
 23417 | Swamp:1  | Killed Aizul
 24307 | Swamp:2  | Noticed a thorn hunter
 24323 | Swamp:2  | Killed a thorn hunter
 24323 | Swamp:2  | Reached skill level 13 in Fighting
 24323 | Swamp:2  | Reached skill level 15 in Maces & Flails
 24323 | Swamp:2  | Reached XP level 16. HP: 60/104 MP: 8/16
 24552 | Swamp:2  | Noticed Donald
 24573 | Swamp:2  | Killed Donald
 26080 | Swamp:3  | Reached skill level 10 in Armour
 26406 | Swamp:4  | Entered Level 4 of the Swamp
 26443 | Swamp:4  | Reached ****** piety under Trog
 26629 | Swamp:4  | Received a gift from Trog
 26631 | Swamp:4  | Noticed the 27-headed Lernaean hydra
 26942 | Swamp:3  | Killed the 26-headed Lernaean hydra
 27877 | Swamp:4  | Noticed a thorn hunter
 27884 | Swamp:4  | Killed a thorn hunter
 28132 | Swamp:4  | Got a decaying rune of Zot
 28256 | Swamp:2  | Reached XP level 17. HP: 92/110 MP: 8/17
 28321 | Spider:1 | Entered Level 1 of the Spider Nest
 28493 | Spider:1 | Reached skill level 14 in Fighting
 28765 | Spider:1 | Received a gift from Trog
 29960 | Spider:2 | Got a pair of heavily runed boots
 29971 | Spider:2 | Identified the +0 pair of boots of Listlessness {*Drain Dex+6} (You found it on level 2 of the Spider Nest)
 30694 | Spider:3 | Got a distressingly furry cloak
 30717 | Spider:3 | Found a frozen archway.
 30737 | IceCv    | Entered an ice cave
 30744 | IceCv    | Received a gift from Trog
 31018 | IceCv    | Identified the cursed +0 cloak "Muockux" {Regen+ Slay+5} (You found it on level 3 of the Spider Nest)
 31311 | IceCv    | Noticed an Ice Fiend
 31339 | IceCv    | Killed an Ice Fiend
 31682 | IceCv    | Got a pair of blackened boots
 31727 | IceCv    | Identified the +2 pair of boots of Dice, Bag, and Bottle {+Blink +Inv rPois Int+3} (You found it in an ice cave)
 31862 | Spider:4 | Entered Level 4 of the Spider Nest
 31982 | Spider:4 | Received a gift from Trog
 32041 | Spider:4 | Reached skill level 1 in Evocations
 32269 | Spider:4 | Noticed Arachne
 32289 | Spider:4 | Killed Arachne
 32526 | Spider:4 | Reached XP level 18. HP: 74/118 MP: 6/19
 32583 | Spider:4 | Reached skill level 15 in Fighting
 32794 | Spider:4 | Got a gossamer rune of Zot
 33213 | Spider:4 | Identified a scroll of acquirement
 33605 | Orc:1    | Entered Level 1 of the Orcish Mines
 33609 | Orc:1    | Paralysed by an orc sorcerer for 7 turns
 33786 | Orc:1    | Found Fehy's Assorted Antiques.
 33912 | Orc:1    | Found Ufuefevo's Food Shoppe.
 34083 | Orc:1    | Received a gift from Trog
 34187 | Orc:2    | Entered Level 2 of the Orcish Mines
 34187 | Orc:2    | Found a staircase to the Elven Halls.
 34332 | Orc:2    | Found Risupnem's Antique Armour Boutique.
 34353 | Orc:2    | Bought a pair of spiked boots for 266 gold pieces
 34363 | Orc:2    | Identified the +2 pair of boots of Cevak {Str+5} (You bought it in a shop on level 2 of the Orcish Mines)
 34554 | Orc:2    | Found Seapneyr's Magic Scroll Emporium.
 34557 | Orc:2    | Found Apsup's Magic Scroll Shoppe.
 34679 | Orc:2    | Received a gift from Trog
 34812 | Orc:2    | Bought a scroll of identify for 34 gold pieces
 34812 | Orc:2    | Bought a scroll of enchant armour for 127 gold pieces
 34812 | Orc:2    | Bought a scroll of enchant armour for 127 gold pieces
 34812 | Orc:2    | Bought a scroll of identify for 34 gold pieces
 34812 | Orc:2    | Bought a scroll of identify for 34 gold pieces
 34812 | Orc:2    | Bought a scroll of identify for 34 gold pieces
 34812 | Orc:2    | Bought a scroll of enchant armour for 127 gold pieces
 34814 | Orc:2    | Bought a scroll of identify for 32 gold pieces
 34814 | Orc:2    | Bought a scroll of identify for 32 gold pieces
 34814 | Orc:2    | Bought a scroll of teleportation for 48 gold pieces
 34814 | Orc:2    | Bought a scroll of enchant weapon for 120 gold pieces
 34814 | Orc:2    | Bought a scroll of remove curse for 48 gold pieces
 34814 | Orc:2    | Bought a scroll of fog for 32 gold pieces
 34816 | Orc:2    | Bought a scroll of teleportation for 51 gold pieces
 34816 | Orc:2    | Bought a scroll of teleportation for 51 gold pieces
 34933 | Orc:2    | Found Kikhluna's Antique Weapon Shop.
 34933 | Orc:2    | Found a one-way gate leading to the halls of Pandemonium.
 34933 | Orc:2    | Found Zilaom's Book Boutique.
 35175 | Elf:1    | Entered Level 1 of the Elven Halls
 35226 | Elf:1    | Reached skill level 16 in Fighting
 35236 | Elf:1    | Received a gift from Trog
 35494 | Elf:1    | Reached XP level 19. HP: 124/127 MP: 7/21
 35697 | Elf:1    | Noticed Louise
 35715 | Elf:1    | Killed Louise
 35749 | Elf:1    | Reached skill level 17 in Fighting
 35800 | Elf:1    | Received a gift from Trog
 36425 | Elf:2    | Reached skill level 18 in Fighting
 36584 | Elf:2    | Found a huge runed gate.
 36585 | Elf:2    | Found a huge runed gate.
 36586 | Elf:2    | Found a huge runed gate.
 36587 | Elf:2    | Found a huge runed gate.
 36588 | Elf:2    | Found a huge runed gate.
 36774 | Elf:2    | Received a gift from Trog
 37122 | Elf:3    | Entered Level 3 of the Elven Halls
 37288 | Elf:3    | Noticed Jorgrun
 37304 | Elf:3    | Killed Jorgrun
 37574 | Elf:3    | Noticed Roxanne
 37595 | Elf:3    | Killed Roxanne
 37597 | Elf:3    | Identified Roxanne's Almanac of Transmutation (You took it off Roxanne on level 3 of the Elven Halls)
 37681 | Elf:3    | Reached skill level 19 in Fighting
 38234 | Elf:3    | Reached XP level 20. HP: 125/139 MP: 7/22
 38281 | Elf:3    | Reached skill level 20 in Fighting
 38281 | Elf:3    | Reached XP level 21. HP: 146/146 MP: 7/23
 38443 | Elf:3    | Identified the Tome of the Traveller
 38848 | Vaults:1 | Entered Level 1 of the Vaults
 38903 | Vaults:1 | Got a pair of dazzling boots
 38914 | Vaults:1 | Identified the +0 pair of boots of the Burgomaster {rC+ Str+3 Dex-3} (You found it on level 1 of the Vaults)
 39457 | Vaults:1 | Received a gift from Trog
 39588 | Vaults:1 | Reached skill level 21 in Fighting
 40107 | Vaults:2 | Received a gift from Trog
 40741 | Vaults:2 | Got a wavering bone ring
 40750 | Vaults:2 | Got a sparkling iron ring
 40753 | Vaults:2 | Identified the ring "Jajuwkea" {*Slow rPois rN+ Int+3 Dex+4} (You acquired it on level 2 of the Vaults)
 40754 | Vaults:2 | Identified the ring of Tempters {rN+ Int+2 Dex+2} (You acquired it on level 2 of the Vaults)
 40815 | Vaults:2 | Reached skill level 22 in Fighting
 40987 | Vaults:2 | Found Moig's Antique Armour Shop.
 41424 | Vaults:3 | Noticed Mennas
 41491 | Vaults:2 | Killed Mennas
 41491 | Vaults:2 | Reached skill level 15 in Armour
 41491 | Vaults:2 | Reached XP level 22. HP: 130/158 MP: 8/24
 41795 | Vaults:3 | Received a gift from Trog
 41820 | Vaults:3 | Reached skill level 23 in Fighting
 42076 | Vaults:3 | Received a gift from Trog
 42167 | Vaults:3 | Noticed a juggernaut
 42167 | Vaults:3 | an acid blob changed into a juggernaut
 42172 | Vaults:3 | Noticed a shard shrike
 42172 | Vaults:3 | a juggernaut changed into a shard shrike
 42173 | Vaults:3 | Noticed a juggernaut
 42173 | Vaults:3 | a shard shrike changed into a juggernaut
 42181 | Vaults:3 | Killed a juggernaut
 42286 | Vaults:3 | Found Koatuich's Magic Scroll Shoppe.
 42301 | Vaults:3 | Bought a scroll of identify for 32 gold pieces
 42301 | Vaults:3 | Bought a scroll of identify for 32 gold pieces
 42301 | Vaults:3 | Bought a scroll of identify for 32 gold pieces
 42301 | Vaults:3 | Bought a scroll of identify for 32 gold pieces
 42301 | Vaults:3 | Bought a scroll of enchant weapon for 120 gold pieces
 42301 | Vaults:3 | Bought a scroll of identify for 32 gold pieces
 42405 | Vaults:3 | Found a staircase to the Crypt.
 42740 | Vaults:3 | Found Ucsi's Armour Boutique.
 42745 | Vaults:3 | Bought the +5 cloak "Myloehi" {rN+++ rCorr Dex-2 Slay+5} for 1198 gold pieces
 42745 | Vaults:3 | Bought the +0 ring mail of Analysis {rN+ MR+++ Regen+ rCorr} for 480 gold pieces
 43183 | Vaults:4 | Got a transparent scale mail
 43379 | Vaults:4 | Noticed Frederick
 43393 | Vaults:4 | Killed Frederick
 43393 | Vaults:4 | Reached skill level 24 in Fighting
 43639 | Vaults:4 | Received a gift from Trog
 43824 | Vaults:4 | Found a flickering gateway to a bazaar.
 43833 | Bazaar   | Entered a bazaar
 43833 | Bazaar   | Found Utul's Armour Shop.
 43833 | Bazaar   | Found Jujyud's Magic Scroll Emporium.
 43833 | Bazaar   | Found Epiutis's Jewellery Shop.
 43833 | Bazaar   | Found Saulaoti's Antique Armour Shoppe.
 43835 | Bazaar   | Found Gicavuwu's Armour Boutique.
 43835 | Bazaar   | Found Mabeiwu's Gadget Shoppe.
 43872 | Bazaar   | Identified the +6 scale mail "Xuabit" {*Slow rPois Str+3 SInv} (You found it on level 4 of the Vaults)
 43877 | Bazaar   | Bought the amulet of Vitality {Regen+ HP+15} for 632 gold pieces
 44122 | Vaults:4 | Reached XP level 23. HP: 168/168 MP: 8/25
 44301 | Vaults:4 | Noticed Bai Suzhen
 44322 | Vaults:4 | Killed Bai Suzhen
 44345 | Vaults:4 | Reached skill level 25 in Fighting
 44365 | Vaults:4 | Received a gift from Trog
 44792 | Depths:1 | Entered Level 1 of the Depths
 44792 | Depths:1 | Noticed Nikola
 44802 | Depths:1 | Killed Nikola
 44852 | Depths:1 | Received a gift from Trog
 44921 | Depths:1 | Found a one-way gate to the infinite horrors of the Abyss.
 44976 | Depths:1 | Found a magical portal.
 45353 | D:15     | Reached skill level 26 in Fighting
 45624 | Depths:1 | Found a gateway to Hell.
 46165 | Depths:1 | Received a gift from Trog
 46468 | Depths:2 | Found Gozag's Assorted Antiques.
 46481 | Depths:2 | Noticed a golden dragon
 46481 | Depths:2 | Found an opulent altar of Gozag.
 46481 | Depths:2 | Found Gozag's Antique Weapon Emporium.
 46628 | Depths:2 | Found Gozag's Antique Weapon Shoppe.
 46690 | Depths:2 | Killed a golden dragon
 46823 | Depths:2 | Reached XP level 24. HP: 132/180 MP: 8/25
 47205 | Depths:2 | Reached skill level 27 in Fighting
 47725 | Depths:2 | Received a gift from Trog
 47821 | Depths:3 | Reached skill level 5 in Dodging
 48113 | Depths:3 | Received a gift from Trog
 48245 | Depths:3 | Paralysed by a floating eye for 2 turns
 48255 | Depths:3 | Paralysed by a floating eye for 2 turns
 48938 | Depths:3 | Received a gift from Trog
 49345 | Depths:4 | Found a gateway to a ziggurat.
 49493 | Depths:4 | Reached skill level 10 in Dodging
 49510 | Depths:4 | Got a scintillating ivory amulet
 49511 | Depths:4 | Identified the amulet "Xemn" {Harm *Drain Fragile Str+5 Int+4} (You acquired it on level 4 of the Depths)
 49730 | Depths:4 | Reached XP level 25. HP: 126/187 MP: 8/25
 50062 | Depths:4 | Got a sparkling bone ring
 50086 | Depths:4 | Got a brightly glowing buckler
 50087 | Depths:4 | Identified the ring "Ybril" {rC+ MR++ Str+4 Dex-4} (You took it off a fire giant on level 4 of the Depths)
 50088 | Depths:4 | Identified the +1 buckler of the Crown {Str+4 Dex+3} (You found it on level 4 of the Depths)
 50222 | Depths:4 | Received a gift from Trog
 50616 | Depths:5 | Entered Level 5 of the Depths
 50852 | Depths:5 | Noticed the Enchantress
 50864 | Depths:5 | Killed the Enchantress
 50970 | Depths:5 | Got faerie dragon scales
 50972 | Depths:5 | Identified the +1 faerie dragon scales {rC+ rN+ rCorr Stlth-} (You took it off the Enchantress on level 5 of the Depths)
 51288 | Depths:5 | Received a gift from Trog
 51343 | Depths:5 | Found a gate to the Realm of Zot.
 52451 | Slime:1  | Entered Level 1 of the Pits of Slime
 52513 | Slime:1  | Gained mutation: Scrolls take you a little longer to read. [a shining eye]
 53014 | Vaults:5 | Entered Level 5 of the Vaults
 53027 | Vaults:5 | Reached skill level 15 in Dodging
 53047 | Vaults:5 | Reached XP level 26. HP: 193/193 MP: 8/25
 53057 | Vaults:5 | Received a gift from Trog
 53231 | Vaults:5 | Got a silver rune of Zot
 53583 | Vaults:5 | Got a crude tin amulet
 53597 | Vaults:5 | Identified the amulet "Meng" {RegenMP rC+ Str+2} (You found it on level 5 of the Vaults)
 53735 | Vaults:5 | Received a gift from Trog
 53808 | Vaults:5 | Noticed an ancient lich
 53817 | Vaults:5 | Noticed an ancient lich
 53826 | Vaults:5 | Killed an ancient lich
 53848 | Vaults:5 | Killed an ancient lich
 53861 | Vaults:5 | Got an uncursed ancient scimitar {flame}
 53866 | Vaults:5 | Identified the +7 scimitar "Xul Eqio" {flame, rC+ Str+6} (You took it off a vault warden on level 5 of the Vaults)
 54047 | Vaults:5 | Got a steaming short sword
 54157 | Vaults:5 | Identified the Incunabulum of the Rattle-Snake
 54617 | Vaults:5 | Reached XP level 27. HP: 199/199 MP: 8/25
 54643 | Vaults:5 | Got a translucent marble ring
 54649 | Vaults:5 | Identified the ring "Wobruus" {Ice Int+2 Dex+2} (You found it on level 5 of the Vaults)
 54842 | Vaults:5 | Received a gift from Trog
 55287 | Crypt:1  | Entered Level 1 of the Crypt
 56332 | Crypt:2  | Noticed Saint Roka
 56387 | Crypt:2  | Killed Saint Roka
 56613 | Crypt:2  | Identified the +9 short sword "Wumonuobb" {vamp, Str+2 Int+5 Stlth+} (You found it on level 5 of the Vaults)
 56833 | Crypt:3  | Entered Level 3 of the Crypt
 57244 | Crypt:3  | Received a gift from Trog
 57322 | Crypt:3  | Noticed Xtahua
 57345 | Crypt:3  | Killed Xtahua
 57399 | Crypt:3  | Noticed an ancient lich
 57413 | Crypt:3  | Killed an ancient lich
 57435 | Crypt:3  | Found an ancient bone altar of Kikubaaqudgha.
 57494 | Crypt:3  | Got a smoking steel amulet
 57497 | Crypt:3  | Identified the amulet "Qebufyd" {-Tele +Rage Int+4} (You found it on level 3 of the Crypt)
 57623 | Crypt:3  | Got a steaming lead ring
 57623 | Crypt:3  | Got a flickering gossamer ring
 57635 | Crypt:3  | Identified the ring of Foolhardiness {+Fly rF+ rC+ rN+} (You took it off a skeletal warrior on level 3 of the Crypt)
 57637 | Crypt:3  | Identified the ring of Wusuluyn {rC++ rN+ Dex+3} (You took it off a necromancer on level 3 of the Crypt)
 57682 | Crypt:3  | Got a crude turquoise ring
 57685 | Crypt:3  | Identified the ring of Ecaleded {rPois rF+ rN+ Dex-5} (You found it on level 3 of the Crypt)
 57750 | Crypt:3  | Found a staircase to the Tomb.
 58058 | Tomb:1   | Entered Level 1 of the Tomb of the Ancients
 58197 | Tomb:1   | Received a gift from Trog
 58556 | Tomb:1   | Noticed an ancient lich
 58556 | Tomb:1   | Noticed a greater mummy
 58575 | Tomb:1   | Killed a greater mummy
 58581 | Tomb:1   | Killed an ancient lich
 58919 | Tomb:1   | Got a heavily jewelled robe
 59146 | Tomb:2   | Noticed BakaWarrior999's ghost (adept DDFi)
 59148 | Tomb:2   | Noticed an ancient lich
 59148 | Tomb:2   | Noticed a greater mummy
 59148 | Tomb:2   | Noticed a greater mummy
 59148 | Tomb:2   | Noticed a greater mummy
 59157 | Tomb:2   | Killed BakaWarrior999's ghost
 59185 | Tomb:2   | Killed an ancient lich
 59291 | Tomb:2   | Killed a greater mummy
 59301 | Tomb:1   | Received a gift from Trog
 59457 | Tomb:2   | Killed a greater mummy
 59473 | Tomb:2   | Killed a greater mummy
 60042 | Tomb:1   | Noticed a greater mummy
 60042 | Tomb:1   | Noticed a greater mummy
 60045 | Tomb:1   | Noticed a greater mummy
 60045 | Tomb:1   | Noticed a greater mummy
 60058 | Tomb:1   | Noticed a greater mummy
 60072 | Tomb:1   | HP: 8/214 [death scarab[a greater mummy] (21)]
 60072 | Tomb:1   | Killed from afar by a greater mummy

Skill      XL: |  1  2  3  4  5  6  7  8  9 10 11 12 13 14 15 16 17 18 19 20 21 22 23 24 25 26 27 |
---------------+----------------------------------------------------------------------------------+-----
Fighting       | 4 5 6 7 8 9 10 11 12 13 14 16 19 20 22 24 26 27 | 27.0
Armour         | 3 4 5 6 7 8 9 11 12 13 14 15 | 15.7
Maces & Flails | 4 5 6 7 9 12 15 16 18 19 21 25 | 25.1
Shields        | 4 9 13 16 18 19 | 19.1
Evocations     | 1 3 |  3.0
Dodging        | 10 15 16 | 16.3

Action                   |  1- 3 |  4- 6 |  7- 9 | 10-12 | 13-15 | 16-18 | 19-21 | 22-24 | 25-27 || total
-------------------------+-------+-------+-------+-------+-------+-------+-------+-------+-------++-------
Melee: Mace              |    10 |       |       |       |       |       |       |       |       ||    10
       Whip              |   104 |   220 |   104 |       |       |       |       |       |       ||   428
       Flail             |       |       |   429 |  1033 |   147 |       |       |       |       ||  1609
       Kick              |       |       |     5 |       |       |       |       |       |       ||     5
       Eveningstar       |       |       |       |       |  1473 |  2215 |   857 |  1472 |  1179 ||  7196
       Sacred scourge    |       |       |       |       |       |       |       |    13 |   846 ||   859
Invok: Berserk           |       |     2 |     6 |     7 |     5 |     1 |       |       |       ||    21
       Trog's Hand       |       |     2 |     1 |       |       |       |       |       |       ||     3
       Brothers in Arms  |       |       |     2 |     7 |    11 |    11 |    14 |    17 |     8 ||    70
       Burn Spellbooks   |       |       |       |       |     3 |     2 |     4 |       |     3 ||    12
 Abil: Fly               |       |       |       |       |     1 |       |       |       |     1 ||     2
       Stop Flying       |       |       |       |       |       |       |       |       |     1 ||     1
  Use: Potion            |       |     3 |     9 |     1 |    10 |     1 |     2 |       |    12 ||    38
       Scroll            |       |     4 |     1 |     3 |    19 |    27 |    26 |    12 |    21 ||   113
 Stab: Sleeping          |       |       |       |     1 |       |       |       |       |       ||     1
       Distracted        |       |       |       |     1 |     3 |     6 |     1 |     1 |       ||    12
       Confused          |       |       |       |       |       |     3 |       |       |       ||     3
       Petrified         |       |       |       |       |       |       |       |       |     7 ||     7
  Eat: Chunk             |     2 |     5 |    20 |    23 |    37 |    24 |    19 |    15 |    11 ||   156
       Royal jelly       |       |       |     2 |     3 |     5 |     3 |     1 |       |     7 ||    21
       Fruit             |       |       |       |     3 |     6 |    10 |       |    16 |     4 ||    39
       Bread ration      |       |       |       |       |       |     1 |       |       |       ||     1
       Meat ration       |       |       |       |       |       |       |     1 |     1 |     3 ||     5
Armor: Animal skin       |    10 |       |       |       |       |       |       |       |       ||    10
       Plate armour      |    38 |    86 |       |    26 |       |  1133 |   203 |   114 |       ||  1600
       Scale mail        |       |    32 |   194 |       |       |       |       |       |       ||   226
       Leather armour    |       |       |    99 |   156 |       |       |       |       |       ||   255
       Ring mail         |       |       |       |   157 |   560 |     5 |       |   400 |   449 ||  1571
Dodge: Dodged            |    54 |    83 |   294 |   159 |   307 |   299 |    42 |   287 |   436 ||  1961
Block: Other             |     5 |    34 |   103 |       |       |       |       |       |       ||   142
       Reflection        |       |     1 |     1 |    45 |    42 |    41 |   115 |   134 |    99 ||   478
       Large shield      |       |       |    77 |  1163 |  2176 |  2867 |   897 |  1850 |  1963 || 10993
